 Dungeon Crawl Stone Soup version 0.28-a0-925-gd5e1996cdb (webtiles) character file.

Game seed: 12183553077041266064

1498 AvatarAndi78 the Slasher (level 8, 0/99 HPs)
             Began as a Palentonga Berserker on Nov 26, 2021.
             Was a Believer of Trog.
             Killed from afar by an electric eel (15 damage)
             ... with a bolt of electricity
             ... on level 6 of the Dungeon.
             The game lasted 00:11:08 (6643 turns).

AvatarAndi78 the Slasher (Palentonga Berserker)     Turns: 6643, Time: 00:11:09

Health: 0/99       AC: 15    Str: 22    XL:     8   Next: 52%
Magic:  8/8        EV:  6    Int:  9    God:    Trog [**....]
Gold:   317        SH:  3    Dex: 15    Spells: 7/7 levels left

rFire   x . .      SeeInvis +   g - +0 falchion
rCold   + . .      Faith    .   i - +0 buckler
rNeg    . . .      Spirit   .   p - +0 chain mail
rPois   .          Reflect  .   (no helmet)
rElec   .          Harm     .   (no cloak)
rCorr   .          Rampage  .   (no gloves)
Will    .....                   (no barding)
Stlth   ..........              (no amulet)
HPRegen 0.26/turn               j - +6 ring of dexterity
MPRegen 0.11/turn               h - ring of ice

@: berserking, studying Crossbows, curled up, very quick
A: large, rugged brown scales 3, see invisible, deformed body, roll 1, armoured
tail, reflexive curl
a: Rolling Charge, Renounce Religion, Berserk, Trog's Hand


You were on level 6 of the Dungeon.
You worshipped Trog.
Trog was pleased with you.
You visited 1 branch of the dungeon, and saw 6 of its levels.

You collected 317 gold pieces.

Inventory:

Hand Weapons
 g - a +0 falchion (weapon)
 k - a +0 spear
Missiles
 f - 2 silver boomerangs
 u - a boomerang
Armour
 i - a +0 buckler (worn)
 p - a +0 chain mail (worn)
Jewellery
 h - a ring of ice (right hand)
 j - a +6 ring of dexterity (left hand)
 l - a ring of positive energy
Wands
 n - a wand of flame (27)
 s - a wand of iceblast (5)
Scrolls
 b - 2 scrolls of magic mapping
 d - a scroll of fear
 m - 2 scrolls of enchant weapon {unknown}
 o - 2 scrolls of teleportation
 t - a scroll of fog {unknown}
 v - 2 scrolls of blinking
 w - a scroll of vulnerability {unknown}
Potions
 a - a potion of heal wounds {unknown}
 c - 2 potions of haste
 e - 3 potions of curing
 q - a potion of flight
 r - a potion of magic {unknown}


   Skills:
 + Level 5.2 Fighting
 + Level 6.0 Long Blades
 + Level 3.6 Axes
 + Level 5.2 Armour
 + Level 3.1 Dodging
 + Level 1.1 Stealth


You had 7 spell levels left.
You didn't know any spells.
Your spell library was empty.

Dungeon Overview and Level Annotations

Branches:
Dungeon (6/15)             Temple (0/1) D:5

Altars:
Cheibriados
Dithmenos
Fedhas
Gozag
Nemelex Xobeh
Sif Muna
Zin


Innate Abilities, Weirdness & Mutations

You are completely covered in rugged brown scales. (AC +3, +7% HP)
You have supernaturally acute eyesight. (SInv)
Armour fits poorly on your strangely shaped body.
You can roll at nearby foes to attack.
You have a long armoured tail.
You curl defensively after being hit. (AC +7*)


Message History

The hound bites you but does no damage.
You hit the hound.
You kill the hound!
Trog accepts your kill.
The electric eel shoots out a bolt of lightning at you!
The bolt of electricity hits you!
Your Long Blades skill increases to level 6!
The electric eel shoots out a bolt of lightning at you!
The bolt of electricity hits you! The bolt of electricity hits you.
The bolt of electricity hits the electric eel.
The electric eel completely resists.
You miss the electric eel. You slash the electric eel!
Your tail-slap misses the electric eel.
The electric eel is heavily wounded.
The electric eel shoots out a bolt of lightning at you!
The bolt of electricity hits you. x2
The bolt of electricity hits the electric eel.
The electric eel completely resists.
You closely miss the electric eel.
Your tail-slap misses the electric eel.
The electric eel is heavily wounded.
You barely miss the electric eel.
The electric eel is heavily wounded.
The electric eel shoots out a bolt of lightning at you!
The bolt of electricity hits you. The bolt of electricity hits you!
The bolt of electricity hits the electric eel.
The electric eel completely resists.
A red film seems to cover your vision as you go berserk!
You feel yourself moving faster!
You feel mighty!
The electric eel shoots out a bolt of lightning at you!
The bolt of electricity hits you!
* * * LOW HITPOINT WARNING * * *
The bolt of electricity hits you!
* * * LOW HITPOINT WARNING * * *
The bolt of electricity hits the electric eel.
The electric eel completely resists.
You closely miss the electric eel.
Your tail-slap misses the electric eel.
The electric eel is heavily wounded.
The electric eel shoots out a bolt of lightning at you!
The bolt of electricity hits you!
You die...

####### ######......#
#.....≈≈≈≈≈.#
#.≈≈≈S....≈.#
#.≈..@### ≈.#
#.≈.##._#.≈.#
#.≈.#...#.≈.#
≈.#.≈...≈.# # .≈
#.≈_.≈≈.# .# .
#.≈≈≈...# ≈.# .≈
#....####.≈.#
.≈.#####.....≈.# ####
.≈....).≈≈≈≈≈≈.#######


You could see an electric eel.

Vanquished Creatures
  2 necrophages
  An ogre (D:5)
  A centaur (D:6)
  A phantom (D:4)
  7 scorpions
  3 water moccasin skeletons
  3 bullfrog zombies
  A hound (D:6)
  A gnoll shaman (D:5)
  A centaur skeleton (D:4)
  A bullfrog skeleton (D:6)
  3 iguanas
  An orc wizard (D:4)
  5 gnolls
  5 adders
  A worm (D:4)
  2 dart slugs
  20 orcs
  8 endoplasms
  2 giant cockroaches
  9 goblins
  12 hobgoblins
  7 jackals
  4 quokkas
  7 ball pythons
  7 bats
  A frilled lizard (D:1)
  8 kobolds
  10 rats
134 creatures vanquished.

Notes
Turn   | Place    | Note
-------+----------+-------------------------------------------
     0 | D:1      | AvatarAndi78 the Palentonga Berserker began the quest for
                  | the Orb.
     0 | D:1      | Reached XP level 1. HP: 19/19 MP: 1/1
   112 | D:1      | Reached XP level 2. HP: 18/25 MP: 2/2
   374 | D:1      | Found a faded altar of an unknown god.
   773 | D:1      | Reached XP level 3. HP: 25/31 MP: 3/3
   901 | D:1      | Reached ** piety under Trog
  1810 | D:2      | Reached skill level 1 in Long Blades
  2161 | D:3      | Reached XP level 4. HP: 14/37 MP: 4/4
  2492 | D:3      | Found an opulent altar of Gozag.
  2820 | D:3      | Found a sparkling altar of Nemelex Xobeh.
  3434 | D:4      | Reached skill level 2 in Long Blades
  3586 | D:4      | Reached XP level 5. HP: 39/44 MP: 5/5
  3716 | D:4      | Noticed a phantom
  3722 | D:4      | Killed a phantom
  3723 | D:4      | Reached skill level 3 in Long Blades
  3772 | D:4      | Reached XP level 6. HP: 51/51 MP: 6/6
  3995 | D:4      | Reached skill level 4 in Long Blades
  4167 | D:4      | You fall into a shaft and drop 1 floor!
  4167 | D:5      | Entered Level 5 of the Dungeon
  4167 | D:5      | Found a shadowy altar of Dithmenos.
  4199 | D:5      | Gained mutation: You curl defensively after being hit. (AC
                  | +7*) [Palentonga growth]
  4199 | D:5      | Reached XP level 7. HP: 41/58 MP: 7/7
  4304 | D:5      | Reached *** piety under Trog
  4677 | D:5      | Reached skill level 5 in Long Blades
  5092 | D:4      | Reached skill level 1 in Stealth
  5225 | D:4      | Found a shimmering blue altar of Sif Muna.
  5408 | D:4      | Reached XP level 8. HP: 56/65 MP: 8/8
  5473 | D:4      | Found a blossoming altar of Fedhas.
  5949 | D:5      | Found a staircase to the Ecumenical Temple.
  6173 | D:6      | Reached skill level 5 in Fighting
  6177 | D:6      | Reached skill level 5 in Armour
  6328 | D:6      | Identified the +11 rapier "Erixeh" {vorpal, rElec rN+
                  | Will+}
  6624 | D:6      | Found a snail-covered altar of Cheibriados.
  6627 | D:6      | Found a glowing silver altar of Zin.
  6637 | D:6      | Reached skill level 6 in Long Blades
  6643 | D:6      | Killed from afar by an electric eel

Illustrated notes

Levels and vault maps discovered:
D:1:      saegor_arrival_simple_d, layout_loops_ring,
          shapermc_ecumenical_altar_notcrosses
D:2:      layout_basic
D:3:      layout_loops_ring, nemelex_dance_club_becter,
          mainiacjoe_overflow_alcove_2, serial_bayou_pond_e
D:4:      nicolae_cairo_tiling_large, layout_loops_ring, marbit_many_paths,
          general_overflow_altar, kennysheep_generic_room_2
D:5:      layout_rooms, grunt_dithmenos_smoke, minmay_temple_entry_arrows
D:6:      layout_gridville, nicolae_overflow_squiral, st_stairs_2,
          minmay_misc_feat_tiny

Skill      XL: |  1  2  3  4  5  6  7  8 |
---------------+-------------------------+-----
Dodging        | 2 3 |  3.1
Long Blades    | 1 2 3 4 5 6 |  6.0
Armour         | 2 3 4 5 |  5.2
Fighting       | 4 5 |  5.2
Stealth        | 1 |  1.1
Axes           | |  3.6

Action                   |  1- 3 |  4- 6 |  7- 9 || total
-------------------------+-------+-------+-------++-------
Melee: Hand axe          |    57 |       |       ||    57
       Tailslap          |     9 |    27 |    21 ||    57
       Falchion          |    65 |   149 |   135 ||   349
Invok: Berserk           |     1 |     3 |     7 ||    11
       Trog's Hand       |       |     3 |     3 ||     6
  Use: Scroll            |       |       |     8 ||     8
       Potion            |       |       |     7 ||     7
Armor: Animal skin       |    27 |       |       ||    27
       Ring mail         |    38 |    69 |    24 ||   131
       Scale mail        |       |       |     8 ||     8
       Chain mail        |       |       |    18 ||    18
Dodge: Dodged            |    53 |    71 |    65 ||   189
Block: Buckler           |       |       |     3 ||     3

Table legend: (Time is in decaauts)
 A = Elapsed time spent in this place.
 B = Non-inter-level travel time spent in this place.
 C = Inter-level travel time spent in this place.
 D = Time resting spent in this place.
 E = Time spent auto-exploring this place.
 F = Levels seen in this place.
 G = Mean time per level.
                   A        B        C        D        E       F      G
               +--------+--------+--------+--------+--------+-----+--------+
         Total |   6776 |   6641 |    135 |      0 |   5518 |   6 | 1129.3 |
       Dungeon |   6776 |   6641 |    135 |      0 |   5518 |   6 | 1129.3 |
               +--------+--------+--------+--------+--------+-----+--------+

Top non-repeatable levels by time:
     D:4: 1838 daAuts
     D:1: 1339 daAuts
     D:2: 1076 daAuts
     D:5: 1064 daAuts
     D:3: 873 daAuts
     D:6: 584 daAuts
